Map: Acid Plant LE

Players

SudoSu

  • Race: Terran Terran
  • League: Platinum
  • Spawn Location: 11:00

Swatopluke - Winner!

  • Race: Protoss Protoss
  • League: Platinum
  • Spawn Location: 5:00

VOD

Have the link to the VOD?

Description

Time

  • Played on: Nov. 11, 2018, 7:54 p.m.
  • Length: 15:40
Show
View Real Time Build Order
Export as new Build Order

SudoSu Terran 

Build Orders:  

Get SALT Encoding   

  12  0:00  SCV  
  13  0:13  SCV  
  14  0:17  Supply Depot  
  14  0:27  SCV  
  15  0:39  SCV  
  16  0:43  Refinery  
  16  0:45  Barracks  
  16  0:51  SCV  
  17  0:58  Supply Depot  
  17  1:05  SCV  
  18  1:14  Refinery  
  18  1:18  SCV  
  19  1:30  Engineering Bay  
  20  1:36  Orbital Command  
  19  1:41  Marine  
  20  1:56  Factory  
  20  2:02  SCV  
  20  2:04  Marine  
  22  2:14  Supply Depot  
  22  2:16  SCV  
  23  2:26  Marine  
  23  2:28  SCV  
  25  2:40  Starport  
  25  2:41  Widow Mine  
  27  2:46  SCV  
  27  2:47  Marine  
  29  2:58  SCV  
  30  3:10  SCV  
  30  3:11  Widow Mine  
  33  3:22  SCV, Supply Depot  
  33  3:24  Barracks Reactor  
  34  3:35  Medivac  
  34  3:37  Factory Tech Lab  
  37  3:41  SCV  
  37  3:49  Command Center  
  37  4:01  SCV, Bunker  
  38  4:02  Marine x2  
  38  4:03  Supply Depot  
  38  4:04  Bunker  
  39  4:27  Marine x2  
  39  4:48  Marine x2  
  40  4:54  SCV  
  40  4:57  Siege Tank  
  40  4:58  Medivac  
  46  5:06  Marine x2  
  45  5:24  Marine  
  45  5:28  Orbital Command  
  46  5:41  Marine  
  46  5:42  Marine  
  48  5:45  Starport Reactor  
  48  5:46  Barracks  
  48  5:47  Barracks  
  48  5:48  Barracks, Medivac  
  48  5:49  Barracks  
  50  5:58  SCV  
  50  5:59  Marine  
  50  6:00  SCV  
  53  6:10  SCV  
  54  6:12  SCV  
  54  6:13  Bunker  
  55  6:22  SCV  
  56  6:25  Marine  
  56  6:26  Marine, Engineering Bay  
  58  6:43  Marine  
  58  6:44  Barracks Tech Lab  
  58  6:45  Barracks Tech Lab  
  58  6:46  Marine  
  61  6:48  Barracks Tech Lab  
  60  6:55  SCV x2  
  60  6:59  Refinery  
  62  7:02  Refinery  
  62  7:07  SCV x2  
  64  7:16  Missile Turret  
  64  7:17  Missile Turret  
  64  7:19  SCV  
  61  7:38  Concussive Shells  
  61  7:39  Combat Shield  
  61  7:42  Marauder x3  
  61  7:43  Barracks Reactor  
  67  7:45  Marine x2  
  67  7:48  Supply Depot  
  69  7:54  Starport Reactor  
  69  7:58  Command Center  
  69  8:14  Siege Tank  
  72  8:26  Missile Turret  
  72  8:27  Missile Turret  
  72  8:30  Marine x3  
  72  8:31  Marauder  
  72  8:32  Terran Infantry Weapons Level 1  
  77  8:35  Supply Depot  
  77  8:36  Marauder  
  74  8:47  Marine x2  
  74  8:48  Marauder  
  75  8:52  Marauder  
  77  9:30  Medivac x2  
  81  9:31  Marine x2  
  81  9:32  Marine, Marauder  
  81  9:37  Supply Depot  
  81  9:38  Supply Depot  
  86  9:39  Supply Depot  
  86  9:41  Engineering Bay  
  86  9:52  Armory  
  86  9:59  Marine x2, Marauder x2  
  89  10:24  Stimpack  
  89  10:26  Terran Infantry Armor Level 1, Barracks Tech Lab  
  89  10:27  Marauder x2, Marine  
  89  10:28  Marine x3  
  97  10:31  Medivac  
  99  10:49  Marauder  
  90  11:09  Marine x4  
  90  11:10  Marauder x2  
  94  11:25  Barracks Tech Lab  
  94  11:28  Terran Infantry Weapons Level 2  
  82  11:54  Medivac x2  
  86  12:10  Marine x4  
  86  12:11  Marine, Marauder x2  
  82  12:24  Medivac x2  
  76  12:31  Marine x3  
  76  12:32  Marine, Marauder x2  
  61  13:12  Command Center  
  61  13:24  Marine x2  
  61  13:25  Marine x4  
  61  13:26  Marauder  
  69  13:34  Refinery  
  69  13:42  Marine  
  41  14:32  Marine x3  
  41  14:33  Marauder  
  46  14:39  Barracks  
  46  14:40  Barracks  
  46  14:42  Barracks  
  46  14:44  Barracks  
  46  14:46  Barracks  
  46  14:47  Barracks  
  46  14:49  Barracks  
  46  14:50  Marine  
  46  14:51  Marine x2, Marauder  
  47  15:07  Marine x3  
  46  15:08  Marine  
  50  15:19  Marine x2  
  50  15:20  Marine  
Show
View Real Time Build Order
Export as new Build Order

Swatopluke Protoss - Winner!

Build Orders:  

Get SALT Encoding   

  12  0:01  Probe  
  13  0:13  Probe  
  14  0:17  Pylon  
  14  0:25  Probe  
  15  0:35  Probe, Gateway  
  16  0:43  Probe  
  17  0:50  Assimilator  
  17  0:55  Probe  
  18  1:08  Probe  
  19  1:20  Probe  
  19  1:22  Cybernetics Core  
  20  1:32  Probe  
  20  1:38  Gateway  
  21  1:44  Assimilator  
  21  1:45  Probe  
  22  1:51  Warp Gate  
  22  1:55  Pylon  
  22  2:12  Probe  
  22  2:13  Stalker  
  25  2:18  Gateway  
  25  2:20  Gateway  
  25  2:25  Stalker  
  27  2:35  Probe  
  28  2:41  Pylon  
  28  2:43  Stalker  
  30  2:59  Stalker  
  30  3:02  Twilight Council  
  30  3:03  Probe  
  33  3:12  Stalker  
  35  3:17  Probe  
  36  3:31  Probe  
  37  3:42  Nexus  
  37  3:46  Probe  
  38  3:52  Charge  
  38  4:07  Probe  
  38  4:08  Robotics Facility  
  39  4:13  Pylon  
  39  4:44  Immortal  
  37  4:54  Probe x2  
  37  4:59  Zealot x4  
  51  5:06  Probe  
  52  5:13  Probe  
  52  5:14  Gateway  
  52  5:16  Observer  
  52  5:17  Gateway  
  52  5:19  Probe  
  52  5:20  Stargate  
  55  5:44  Immortal  
  55  5:48  Nexus  
  55  5:49  Probe  
  60  5:51  Probe  
  61  6:04  Pylon  
  61  6:05  Pylon  
  61  6:08  Probe  
  61  6:09  Assimilator  
  61  6:10  Observer  
  62  6:15  Void Ray  
  62  6:17  Observer  
  62  6:19  Pylon  
  62  6:22  Probe  
  67  6:30  Probe  
  67  6:32  Blink  
  68  6:34  Probe  
  69  6:55  Probe x2  
  69  6:56  Stalker  
  69  6:57  Stalker x2  
  77  7:01  Assimilator  
  77  7:07  Probe  
  78  7:14  Probe x2  
  80  7:32  Stalker x3  
  80  7:36  Probe  
  80  7:37  Probe  
  88  7:38  Probe  
  88  7:41  Assimilator  
  89  7:44  Gateway  
  89  7:46  Gateway, Assimilator  
  89  7:48  Probe, Void Ray  
  89  7:50  Probe  
  94  7:52  Pylon x2  
  94  7:53  Pylon  
  94  7:55  Probe  
  96  7:58  Probe  
  96  8:01  Probe  
  98  8:07  Probe  
  99  8:15  Zealot x6  
  111  8:36  Observer  
  111  8:53  Stalker  
  111  8:54  Stalker, Void Ray  
  111  8:55  Stalker x4  
  103  9:36  Observer  
  103  9:39  Pylon  
  103  9:40  Pylon  
  103  9:41  Pylon  
  103  9:42  Pylon  
  103  9:45  Pylon x2  
  103  9:47  Pylon  
  103  9:49  Pylon  
  103  9:52  Pylon  
  103  9:54  Probe, Pylon  
  103  9:55  Probe  
  103  9:57  Probe, Void Ray  
  103  9:58  Observer  
  111  10:06  Probe  
  112  10:08  Probe  
  112  10:09  Probe  
  112  10:22  Immortal  
  112  10:27  Zealot x5  
  112  10:28  Zealot x2  
  130  10:37  Probe  
  130  10:38  Probe  
  130  10:42  Probe, Stargate  
  133  10:44  Void Ray  
  133  10:49  Probe  
  88  11:12  Zealot  
  88  11:13  Zealot x5  
  88  11:14  Zealot x2  
  88  11:15  Probe x2  
  106  11:20  Probe  
  106  11:21  Robotics Bay  
  107  11:27  Probe x2  
  109  11:32  Probe  
  109  11:39  Probe  
  93  11:46  Void Ray  
  85  11:47  Zealot x6  
  85  11:49  Probe  
  98  11:57  Probe x2  
  98  12:00  Zealot x2  
  104  12:03  Phoenix  
  106  12:08  Extended Thermal Lance  
  104  12:21  Zealot x4  
  104  12:22  Zealot  
  98  12:28  Colossus  
  84  12:34  Zealot x2  
  84  12:35  Zealot  
  76  12:57  Void Ray  
  80  13:01  Zealot x2, Void Ray  
  80  13:02  Zealot  
  90  13:15  Probe x2, Nexus  
  90  13:16  Probe  
  93  13:23  Probe x2  
  93  13:28  Zealot  
  93  13:29  Zealot x2  
  93  13:31  Zealot  
  103  13:35  Observer  
  103  13:46  Zealot  
  103  13:47  Zealot x3  
  111  13:49  Zealot  
  111  13:51  Colossus  
  109  14:19  Zealot x6  
  109  14:20  Zealot x2  
  115  14:31  Colossus  
  115  14:32  Probe x3  
  115  14:34  Probe  
  115  14:35  Assimilator  
  119  14:39  Assimilator  
  119  14:42  Zealot  
  119  14:43  Zealot  
  119  14:44  Zealot  
  131  14:58  Observer  
  131  15:09  Zealot x3  
  131  15:10  Zealot x2  
Tags
 
Add a new tag
Caveats
  • Supply blocks, unpowered buildings, or Contaminate may cause inaccurate times.
  • Supply counts are checked every 10 seconds.